 Dungeon Crawl Stone Soup version 0.30-a0-782-ge64f9170bb (webtiles) character file.

Game seed: 5842019729525732799

58 demibob the Slasher (level 3, -1/31 HPs)
             Began as a Minotaur Fighter on Feb 18, 2023.
             Slain by Grinder (3 damage)
             ... on level 3 of the Dungeon.
             The game lasted 00:01:23 (1622 turns).

demibob the Slasher (Minotaur Fighter)              Turns: 1622, Time: 00:01:23

Health: -1/31      AC:  6    Str: 20    XL:     3   Next: 75%
Magic:  2/2        EV:  9    Int:  7    God:
Gold:   119        SH:  0    Dex:  9    Spells: 2/2 levels left

rFire   . . .      SeeInvis .    a - +0 long sword
rCold   . . .      Faith    .    (no shield)
rNeg    . . .      Spirit   .    b - +0 scale mail
rPois   .          Reflect  .    (helmet restricted)
rElec   .          Harm     .    (no cloak)
rCorr   .          Rampage  .    (no gloves)
Will    .....                    (no boots) Stlth
                                 (no amulet)
HPRegen 0.25/turn                (no ring)
MPRegen 0.08/turn                (no ring)

@: no status effects
A: horns 2, retaliatory headbutt
a: no special abilities


You were on level 3 of the Dungeon.
You visited 1 branch of the dungeon, and saw 3 of its levels.

You collected 119 gold pieces.


Innate Abilities, Weirdness & Mutations

You have a pair of horns on your head.
You reflexively headbutt those who attack you in melee.


   Skills:
 - Level 3.6 Fighting
 + Level 5.0 Long Blades
 - Level 3.6 Armour
 - Level 3.6 Shields


You had 2 spell levels left.
You didn't know any spells.
Your spell library contained the following spells:

 Spells                   Type           Power      Damage    Failure   Level
 Portal Projectile        Hex/Tloc       0%         N/A       98%         3
 Tukima's Dance           Hex            0%         N/A       98%         3
 Passage of Golubria      Tloc           0%         N/A       100%        4
 Blade Hands              Tmut           0%         N/A       100%        5
 Yara's Violent Unravell  Hex/Tmut       0%         3d3       100%        5

Inventory:

Hand Weapons
 a - a +0 long sword (weapon)
Armour
 b - a +0 scale mail (worn)
Magical Staves
 g - a staff of earth {!a}
Jewellery
 i - an amulet of guardian spirit
Wands
 n - a wand of mindburst (13)
Scrolls
 c - a scroll of torment {unknown}
 e - a scroll of identify {unknown}
 h - a scroll of fear {unknown}
 p - 2 scrolls of magic mapping {unknown}
Potions
 d - a potion of might
 f - 2 potions of berserk rage {unknown}
 j - a potion of brilliance {unknown}
 k - a potion of lignification {unknown}
 l - a potion of attraction {unknown}
 m - 2 potions of curing {unknown}
 o - 2 potions of heal wounds {unknown}

Dungeon Overview and Level Annotations

Branches:
Dungeon (3/15)

Altars:

Annotations:
D:3 Grinder

# .#
################.#
#..........#.....# ♣<
#..........#.....#
♣..##..........#.....#
♣......@5......))....#
+..##..........#.....#
#..).......#.....#
###.##.########..▒▒
#.).#..# #..▒
.......#..## #..▒
.......#.##
######..##▒ .......#..
..........▒
).........##
...###...##


You could see Grinder.


Message History

You pick up a book of Weapons and begin reading...
You add the spells Portal Projectile and Blade Hands to your library.
Grinder and a kobold come into view.
Found a spear.
Grinder shouts!
The kobold shouts!
You start waiting.
Grinder is nearby!
Grinder says, "DUCK!"
Grinder hits you!
You closely miss Grinder. The kobold barely misses you.
You furiously retaliate!
You headbutt the kobold.
You kill the kobold!
Grinder barely misses you.
Grinder blinks!
Found a stone staircase leading up.
Grinder gestures at you.
You suddenly lose the ability to move!
Grinder gestures at you. Pain shoots through your body!
* * * LOW HITPOINT WARNING * * *
Grinder hits you.
* * * LOW HITPOINT WARNING * * *
You writhe in agony.
* * * LOW HITPOINT WARNING * * *
You can move again.
Unknown command.
You closely miss Grinder. Grinder hits you.
* * * LOW HITPOINT WARNING * * *
You writhe in agony.
You die...

Skill      XL: |  1  2  3 |
---------------+----------+-----
Long Blades    | 3 4 5 |  5.0
Fighting       | |  3.6
Armour         | |  3.6
Shields        | |  3.6

Action                     || total
---------------------------++-------
  Melee: Long sword        ||    80
         Headbutt          ||    10
 Armour: Scale mail        ||    44
  Dodge: Dodged            ||    45

Levels and vault maps discovered:
D:1:      dpeg_chamrin_arrival_tetris, layout_basic
D:2:      layout_rooms
D:3:      layout_rooms, mainiacjoe_overflow_six_doors_small,
          makhleb_altar_promises_db, shapermc_ecumenical_altar_gd,
          minmay_stone_trees_small, goddamned_bats, uniq_grinder

Notes
Turn   | Place    | Note
-------+----------+-------------------------------------------
     0 | D:1      | demibob the Minotaur Fighter began the quest for the Orb.
     0 | D:1      | Reached XP level 1. HP: 19/19 MP: 0/0
   202 | D:1      | Reached skill level 3 in Long Blades
   296 | D:1      | Reached XP level 2. HP: 24/26 MP: 1/1
  1088 | D:2      | Reached skill level 4 in Long Blades
  1173 | D:2      | Reached XP level 3. HP: 31/31 MP: 2/2
  1489 | D:3      | Reached skill level 5 in Long Blades
  1609 | D:3      | Noticed Grinder
  1618 | D:3      | Paralysed by Grinder for 4 turns
  1621 | D:3      | HP: 3/31 [Grinder (5)]
  1622 | D:3      | Slain by Grinder

Vanquished Creatures
  An adder (D:3)
  2 dart slugs
  3 orcs (D:3)
  2 ball pythons
  A bat (D:2)
  3 endoplasms
  3 giant cockroaches
  2 goblins (D:1)
  5 hobgoblins
  4 jackals (D:2)
  2 frilled lizards
  6 kobolds
  2 rats (D:3)
36 creatures vanquished.

Table legend: (Time is in decaauts)
 A = Elapsed time spent in this place.
 B = Non-inter-level travel time spent in this place.
 C = Inter-level travel time spent in this place.
 D = Time resting spent in this place.
 E = Time spent auto-exploring this place.
 F = Levels seen in this place.
 G = Mean time per level.
                   A        B        C        D        E       F      G
               +--------+--------+--------+--------+--------+-----+--------+
         Total |   1637 |   1601 |     36 |    101 |   1271 |   3 |  545.7 |
       Dungeon |   1637 |   1601 |     36 |    101 |   1271 |   3 |  545.7 |
               +--------+--------+--------+--------+--------+-----+--------+

Top non-repeatable levels by time:
     D:1: 1050 daAuts
     D:2: 319 daAuts
     D:3: 266 daAuts

Table legend:
 A = Non-vault XP
 B = Vault XP
 C = Vault XP percentage of total XP
 D = Non-vault monster count
 E = Vault monster count
 F = Vault count percentage of total count
                 A         B        C        D         E       F
            +---------+---------+-------+---------+---------+-------
      Total |      83 |       0 |   0.0 |      36 |       0 |   0.0
            +---------+---------+-------+---------+---------+-------
        D:1 |      21 |       0 |   0.0 |      10 |       0 |   0.0
        D:2 |      24 |       0 |   0.0 |      12 |       0 |   0.0
        D:3 |      38 |       0 |   0.0 |      14 |       0 |   0.0
            +---------+---------+-------+---------+---------+-------
